Construct Infanterie Kompanie
Construct Panzergrenadier Kompanie
Pak 40 Anti-tank Gun Team
Selects Mechanized Battlegroup
Pak 40 Anti-tank Gun Team
Nebelwerfer 42 Rocket Launcher Team
Nebelwerfer 42 Rocket Launcher Team
Selects Wespe Self-propelled Artillery
Wespe Self-propelled Artillery
Wespe Self-propelled Artillery
Construct Panzer Kompanie
Wespe Self-propelled Artillery
Wespe Self-propelled Artillery
Selects 8 Rad Armored Car
Selects UNKNOWN (2160084)
Construct Panzer Kompanie
Selects Zeroing Artillery Barrage
Zeroing Artillery Barrage
Zeroing Artillery Barrage
Zeroing Artillery Barrage
Wespe Self-propelled Artillery